 Dungeon Crawl Stone Soup version 0.30-a0-177-g1cb5dbfd7a (webtiles) character file.

Game seed: 3348589802798401186

50 LnG the Caller (level 4, -3/24 HPs)
             Began as a Kobold Summoner on Oct 2, 2022.
             Slain by a gnoll
             ... wielding a +0 whip
              (5 damage)
             ... on level 1 of the Dungeon.
             The game lasted 00:05:09 (1459 turns).

LnG the Caller (Kobold Summoner)                    Turns: 1459, Time: 00:05:09

Health: -3/24      AC:  3    Str:  5    XL:     4   Next: 4%
Magic:  6/8        EV: 15    Int: 18    God:
Gold:   81         SH:  0    Dex: 15    Spells: 2/8 levels left

rFire   . . .      SeeInvis .    c - +1 dagger
rCold   . . .      Faith    .    (no shield)
rNeg    . . .      Spirit   .    a - +0 robe
rPois   .          Reflect  .    (no helmet)
rElec   .          Harm     .    (no cloak)
rCorr   .          Rampage  .    g - +0 pair of gloves
Will    .....                    (no boots)
Stlth   +++.......               (no amulet)
HPRegen 0.24/turn                (no ring)
MPRegen 0.11/turn                (no ring)

@: no status effects
A: small, no large weapons, nightstalker 3
a: no special abilities


You were on level 1 of the Dungeon.
You visited 1 branch of the dungeon, and saw 4 of its levels.

You collected 81 gold pieces.

Inventory:

Hand Weapons
 c - a +1 dagger (weapon)
Armour
 a - a +0 robe (worn)
 f - an orb of light
 g - a +0 pair of gloves (worn)
Scrolls
 h - a scroll of identify {unknown}
 i - a scroll of enchant armour {unknown}
 k - a scroll of vulnerability {unknown}
Potions
 b - 2 potions of magic
 d - a potion of curing {unknown}
 e - a potion of degeneration {unknown}
 j - a potion of might {unknown}


   Skills:
 + Level 0.5 Fighting
 + Level 1.6 Short Blades
 + Level 2.4 Dodging
 + Level 3.3 Stealth
 + Level 2.7 Spellcasting
 + Level 4.5 Summonings


You had 2 spell levels left.
You knew the following spells:

 Your Spells              Type           Power      Damage    Failure   Level
a - Summon Small Mammal   Summ           72%        N/A       2%          1
b - Call Imp              Summ           18%        N/A       4%          2
c - Call Canine Familiar  Summ           18%        N/A       8%          3

Your spell library contained the following spells:

 Spells                   Type           Power      Damage    Failure   Level
 Summon Guardian Golem    Hex/Summ       10%        N/A       21%         3
 Summon Lightning Spire   Summ/Air       10%        N/A       54%         4


Dungeon Overview and Level Annotations

Branches:
Dungeon (4/15)
 Temple: D:4-7

Altars:


Innate Abilities, Weirdness & Mutations

You are small and have problems with some larger weapons.
You are completely attuned to the shadows.


Message History

The spell is quite dangerous to miscast (8% risk of failure)!
Continue anyway?
The gnoll misses you.
You hit the gnoll but do no damage. The gnoll barely misses you.
Your hound closely misses the gnoll.
You hit the gnoll but do no damage.
Your hound bites the gnoll but does no damage.
The gnoll hits you with a +0 whip.
You hit the gnoll but do no damage.
Your hound bites the gnoll.
The gnoll hits you with a +0 whip.
Your hound bites the gnoll but does no damage.
You hit the gnoll but do no damage.
The gnoll is moderately wounded.
Your hound misses the gnoll. The gnoll completely misses you.
You hit the gnoll but do no damage.
The gnoll is moderately wounded.
Your hound bites the gnoll but does no damage.
The gnoll hits you with a +0 whip.
Your hound bites the gnoll but does no damage.
You hit the gnoll.
The gnoll is heavily wounded.
Your hound bites the gnoll.
The gnoll hits you with a +0 whip!
* * * LOW HITPOINT WARNING * * *
You hit the gnoll but do no damage.
The gnoll is severely wounded.
Your hound bites the gnoll but does no damage.
The gnoll closely misses you.
You hit the gnoll but do no damage.
The gnoll is severely wounded.
Your hound bites the gnoll but does no damage.
The gnoll closely misses your hound.
Your hound bites the gnoll but does no damage.
You hit the gnoll but do no damage.
The gnoll is severely wounded.
Your hound bites the gnoll.
The gnoll hits you with a +0 whip.
* * * LOW HITPOINT WARNING * * *
You hit the gnoll but do no damage.
The gnoll is severely wounded.
Your hound bites the gnoll but does no damage.
The gnoll hits you with a +0 whip.
You die...

######.## #..#####.## #.##..#
.......# ##....#..# #.##.##
#.###### ####.).## #....# #.####
#...### ##.### .....#
######....## #..#
#.##b######..........# #..#
...#.J...............###..######
.........†.....g...............#
#..###........h.@........#######
##.# ######..........##..## ##.#
##...).###......####### ...#
#.~...# ###.....##.... ...#
#..~..# ##.##........ ...#
#...~.# #.>###....... ...#
#.....# ##.## ####.... .#.######
#.#...# #..# #.... ........##
#.....###.##### #####


You could see a gnoll (ally target) and a friendly hound (summoned).

Vanquished Creatures
  A gnoll (D:1)
  A dart slug (D:1)
  An orc (D:3)
  5 endoplasms
  2 giant cockroaches
  A goblin (D:2)
  5 hobgoblins
  A quokka (D:1)
  3 ball pythons
  3 bats
  2 frilled lizards
  A rat (D:2)
26 creatures vanquished.

Vanquished Creatures (collateral kills)
  2 ball pythons (D:1)
  An endoplasm (D:1)
  2 goblins (D:1)
  2 kobolds (D:1)
7 creatures vanquished.

Grand Total: 33 creatures vanquished

Notes
Turn   | Place    | Note
-------+----------+-------------------------------------------
     0 | D:1      | LnG the Kobold Summoner began the quest for the Orb.
     0 | D:1      | Reached XP level 1. HP: 10/10 MP: 3/3
   184 | D:1      | Reached XP level 2. HP: 5/15 MP: 0/5
   247 | D:1      | Learned a level 2 spell: Call Imp
   502 | D:1      | Reached XP level 3. HP: 18/19 MP: 6/6
   513 | D:1      | Reached skill level 1 in Short Blades
   923 | D:2      | Found a faded altar of an unknown god.
  1095 | D:2      | You fall into a shaft and drop 2 floors!
  1103 | D:4      | Noticed an ogre
  1162 | D:2      | Reached XP level 4. HP: 23/24 MP: 8/8
  1175 | D:2      | Learned a level 3 spell: Call Canine Familiar
  1459 | D:1      | Slain by a gnoll

Illustrated notes

Levels and vault maps discovered:
D:1:      dpeg_arrival_tiny_h, layout_rooms, chequers_serial_rivers_micro_c,
          patterned_corridor
D:2:      layout_loops_corners, hellmonk_ecumenical_altar_slurped_away,
          minmay_close_crescents
D:3:      layout_rooms, nemelex_altar_shiori, small_statue_alley_b,
          minmay_cut_off
D:4:      nicolae_BIG_FREAKIN_CUBE, layout_rooms

Skill      XL: |  1  2  3 |
---------------+----------+-----
Short Blades   | 1 |  1.6
Stealth        | 3 |  3.3
Fighting       | |  0.5
Dodging        | |  2.4
Spellcasting   | |  2.7
Summonings     | |  4.5

Action                   |  1- 3 |  4- 6 || total
-------------------------+-------+-------++-------
Melee: Dagger            |    78 |    16 ||    94
 Cast: Summon Small Mamm |     6 |       ||     6
       Call Imp          |     3 |     1 ||     4
       Call Canine Famil |       |     3 ||     3
  Use: Scroll            |     5 |       ||     5
 Stab: Sleeping          |    13 |     1 ||    14
       Distracted        |     1 |       ||     1
Armor: Robe              |     8 |     1 ||     9
Dodge: Dodged            |    52 |    15 ||    67

Table legend: (Time is in decaauts)
 A = Elapsed time spent in this place.
 B = Non-inter-level travel time spent in this place.
 C = Inter-level travel time spent in this place.
 D = Time resting spent in this place.
 E = Time spent auto-exploring this place.
 F = Levels seen in this place.
 G = Mean time per level.
                   A        B        C        D        E       F      G
               +--------+--------+--------+--------+--------+-----+--------+
         Total |   1455 |   1440 |     15 |    123 |    926 |   4 |  363.8 |
       Dungeon |   1455 |   1440 |     15 |    123 |    926 |   4 |  363.8 |
               +--------+--------+--------+--------+--------+-----+--------+

Top non-repeatable levels by time:
     D:1: 920 daAuts
     D:2: 474 daAuts
     D:4: 39 daAuts
     D:3: 21 daAuts
